 Dungeon Crawl Stone Soup version 0.27.1 (webtiles) character file.

Game seed: 1228225905868064867

175 H0rd4k the Caller (level 5, -11/35 HPs)
             Began as a Barachi Summoner on Sept 1, 2021.
             Mangled by Pikel (19 damage)
             ... on level 4 of the Dungeon.
             The game lasted 00:04:02 (3533 turns).

H0rd4k the Caller (Barachi Summoner)                Turns: 3533, Time: 00:04:02

Health: -11/35     AC:  2    Str:  9    XL:     5   Next: 55%
Magic:  15/20      EV: 12    Int: 17    God:
Gold:   163        SH:  0    Dex: 12    Spells: 8/12 levels left

rFire    + . .     SeeInvis .   k - staff of poison
rCold    . . .     Faith    +   (no shield)
rNeg     . . .     Spirit   .   a - +0 robe
rPois    +         Reflect  .   (no helmet)
rElec    .         Harm     .   (no cloak)
rCorr    .         Rampage  .   (no gloves)
Will     .....                  (no boots)
Stlth    ++........             d - amulet of faith
HPRegen  0.11/turn              b - ring of magical power
MPRegen  0.17/turn              g - ring of protection from fire

@: unable to hop, slow
A: amphibious, slowness 1, strong legs 1, +LOS
a: Hop


You were on level 4 of the Dungeon.
You visited 1 branch of the dungeon, and saw 4 of its levels.

You collected 163 gold pieces.

Inventory:

Hand Weapons
 p - a +0 falchion of holy wrath
Missiles
 j - 2 throwing nets
Armour
 a - a +0 robe (worn)
Magical Staves
 k - a staff of poison (weapon)
Jewellery
 b - a ring of magical power (left hand)
 d - an amulet of faith (around neck)
 g - a ring of protection from fire (right hand)
Wands
 o - a wand of polymorph (12)
 t - a wand of iceblast (6)
Scrolls
 l - a scroll of fear {unknown}
 m - a scroll of teleportation {unknown}
 n - a scroll of enchant weapon {unknown}
 q - a scroll of immolation {unknown}
 r - a scroll of enchant armour {unknown}
 s - a scroll of brand weapon {unknown}
Potions
 c - a potion of lignification {unknown}
 e - a potion of magic {unknown}
 f - a potion of invisibility {unknown}
 h - a potion of curing
 i - a potion of cancellation {unknown}
 u - a potion of haste {unknown}


   Skills:
 + Level 2.2 Dodging
 - Level 1.7 Stealth
 * Level 4.1 Spellcasting
 * Level 6.6 Summonings


You had 8 spell levels left.
You knew the following spells:

 Your Spells              Type           Power      Damage    Failure   Level
a - Summon Small Mammal   Summ           100%       N/A       1%          1
b - Call Canine Familiar  Summ           26%        N/A       3%          3

Your spell library contained the following spells:

 Spells                   Type           Power      Damage    Failure   Level
 Call Imp                 Summ           26%        N/A       1%          2
 Summon Guardian Golem    Hex/Summ       14%        N/A       12%         3
 Summon Lightning Spire   Summ/Air       14%        N/A       36%         4


Dungeon Overview and Level Annotations

Branches:
Dungeon (4/15)
 Temple: D:4-7

Altars:

Annotations:
D:3 exclusion: downstairs
D:4 Pikel


Innate Abilities, Weirdness & Mutations

You are amphibious.
You cover ground slowly.
You can hop short distances.
You have an extended range of vision and can be seen from far away.


Message History

Your hound closely misses Pikel.
Casting: Summon Small Mammal (safe; 1% risk of failure)
Confirm with . or Enter, or press ? or * to list all spells.
Pikel barely misses you.
Your quokka barely misses Pikel.
Your magical contamination has completely faded away.
You swap places.
Your quokka misses Pikel.
Your quokka bites Pikel.
Pikel hits your quokka with a +2 whip of electrocution.
Lightning courses through your quokka!!
Your quokka dies!
Your quokka's corpse disappears in a puff of smoke!
Casting: Summon Small Mammal (safe; 1% risk of failure)
Confirm with . or Enter, or press ? or * to list all spells.
Your hound misses Pikel.
Your quokka closely misses Pikel.
Pikel misses your quokka.
Your hound bites Pikel.
Your quokka barely misses Pikel.
Your hound completely misses Pikel.
Pikel hits your quokka with a +2 whip of electrocution.
Lightning courses through your quokka!!
Your quokka dies!
Your quokka's corpse disappears in a puff of smoke!
Your quokka misses Pikel.
Your hound bites Pikel but does no damage.
Casting: Summon Small Mammal (safe; 1% risk of failure)
Confirm with . or Enter, or press ? or * to list all spells.
Your quokka bites Pikel but does no damage.
Your hound misses Pikel.
You swap places.
Your hound bites Pikel but does no damage.
Your quokka bites Pikel but does no damage.
Your quokka closely misses Pikel.
Your quokka barely misses Pikel.
Pikel hits you with a +2 whip of electrocution.
* * * LOW HITPOINT WARNING * * *
Okay, then.
Unknown command.
Okay, then.
It was a potion of curing.
You feel better.
Your hound bites Pikel.
Pikel hits you with a +2 whip of electrocution.
* * * LOW HITPOINT WARNING * * *
You are electrocuted!!
Ouch! That really hurt!
You die...

#.#........# ####
#######.#.###...## ....
...........###...# ....
.................# ....
............†#...#
##################.#...#
.......................#
##################.###.##
#............@K......#
#.........#####h######
####.......r.h.r#
#.#.##..###### #...##..#
######r.# #..# #..# #..#


You could see Pikel (ally target) and a friendly hound (summoned).

Vanquished Creatures
  A bat (D:3)
1 creature vanquished.

Vanquished Creatures (collateral kills)
  An ogre (D:4)
  A lemure (D:4)
  A scorpion (D:4)
  2 hounds (D:4)
  Ijyb (D:4)
  An orc wizard (D:4)
  3 adders
  A worm (D:4)
  2 dart slugs (D:4)
  3 orcs (D:4)
  4 ball pythons
  4 endoplasms
  4 giant cockroaches
  3 goblins
  5 hobgoblins
  6 kobolds
  A quokka (D:1)
  2 bats (D:3)
  2 frilled lizards (D:1)
  5 rats
52 creatures vanquished.

Grand Total: 53 creatures vanquished

Notes
Turn   | Place    | Note
-------+----------+-------------------------------------------
     0 | D:1      | H0rd4k the Barachi Summoner began the quest for the Orb.
     0 | D:1      | Reached XP level 1. HP: 13/13 MP: 3/3
   506 | D:1      | Reached skill level 5 in Summonings
   506 | D:1      | Reached XP level 2. HP: 19/19 MP: 1/5
  1354 | D:2      | Reached XP level 3. HP: 19/24 MP: 1/7
  1358 | D:2      | Learned a level 3 spell: Call Canine Familiar
  2301 | D:3      | Found a faded altar of an unknown god.
  2435 | D:4      | Noticed an ogre
  2442 | D:4      | Killed an ogre
  2443 | D:4      | Reached skill level 6 in Summonings
  2443 | D:4      | Reached XP level 4. HP: 30/30 MP: 9/9
  2663 | D:4      | Noticed a lemure
  2663 | D:4      | Noticed a lemure
  2663 | D:4      | Noticed Pikel
  2663 | D:4      | Noticed a lemure
  2690 | D:4      | Killed a lemure
  2899 | D:4      | Noticed a scorpion
  2910 | D:4      | Killed a scorpion
  2911 | D:4      | Reached XP level 5. HP: 35/35 MP: 9/11
  3199 | D:4      | Noticed Ijyb
  3215 | D:4      | Killed Ijyb
  3533 | D:4      | Mangled by Pikel

Illustrated notes

Levels and vault maps discovered:
D:1:      evilmike_arrival_plus, layout_basic
D:2:      layout_rooms
D:3:      layout_rooms, shapermc_ecumenical_altar_notcrosses
D:4:      layout_basic, grunt_gozag_statues,
          lemuel_mausoleum_altar_kikubaaqudgha, uniq_pikel, uniq_robin,
          uniq_ijyb

Skill      XL: |  1  2  3  4 |
---------------+-------------+-----
Summonings     | 5 6 |  6.6
Spellcasting   | 3 4 |  4.1
Dodging        | |  2.2
Stealth        | |  1.7

Action                   |  1- 3 |  4- 6 || total
-------------------------+-------+-------++-------
Melee: Unarmed           |    12 |       ||    12
       Staff             |     1 |     6 ||     7
 Cast: Summon Small Mamm |    96 |    36 ||   132
       Call Canine Famil |     4 |    16 ||    20
 Abil: Hop               |       |     1 ||     1
  Use: Potion            |       |     1 ||     1
 Stab: Distracted        |     1 |       ||     1
Armor: Robe              |     8 |     2 ||    10
Dodge: Dodged            |    30 |    11 ||    41
